 Dungeon Crawl Stone Soup version 0.30.0-10-gfe55d96785 (webtiles) character file.

Game seed: 10490243326128880597

5324 Twinkles the Nimble (level 10, 0/75 HPs)
             Began as a Felid Berserker on May 14, 2023.
             Was an Elder of Trog.
             Succumbed to Amaemon's poison
             ... on level 11 of the Dungeon.
             The game lasted 00:56:58 (14286 turns).

Twinkles the Nimble (Felid Berserker)              Turns: 14286, Time: 00:56:59

Health: 0/75       AC:  2    Str: 13    XL:     10   Next: 38%
Magic:  11/11      EV: 27    Int: 16    God:    Trog [****..]
Gold:   732        SH:  0    Dex: 19    Spells: 9/9 levels left
                                        Lives:  0   Deaths: 2

rFire   . .          .
                       - Unarmed
rCold   . . .        (shield unavailable)
rNeg    . . .        (body armour unavailable)
rPois   .            (helmet unavailable)
rElec   .            (cloak unavailable)
rCorr   .            (gloves unavailable)
SInv    +            (boots unavailable)
Will    +....        m - amulet of the acrobat Stlth
                     c - +6 ring of intelligence
HPRegen 0.32/turn    (no ring)
MPRegen 0.12/turn

%: acrobat
@: berserking, lethally poisoned (0 -> -11), very quick
A: very small, claws 1, fangs 3, see invisible, speed 1, shaggy fur 2, stealthy
paws, no weapons or thrown items, no armour, multi-lived
a: Renounce Religion, Berserk, Trog's Hand, Brothers in Arms


You were on level 11 of the Dungeon.
You worshipped Trog.
Trog was greatly pleased with you.
You visited 1 branch of the dungeon, and saw 11 of its levels.

You collected 732 gold pieces.

Inventory:

Jewellery
 c - a +6 ring of intelligence (left paw)
 g - an amulet of magic regeneration
 m - an amulet of the acrobat (around neck)
 n - a ring of protection from cold
Wands
 d - a wand of quicksilver (5)
 k - a wand of roots (11)
 p - a wand of paralysis (3)
 y - a wand of mindburst (8)
Scrolls
 b - a scroll of poison {unknown}
 e - 2 scrolls of brand weapon {unknown}
 f - 4 scrolls of noise
 h - 2 scrolls of enchant armour {unknown}
 i - a scroll of blinking {unknown}
 j - a scroll of magic mapping {unknown}
 q - a scroll of vulnerability {unknown}
 r - a scroll of immolation {unknown}
 Y - 3 scrolls of teleportation
Potions
 o - a potion of haste {unknown}
 s - a potion of flight {unknown}
 A - 2 potions of attraction
 B - a potion of brilliance
 G - a potion of ambrosia
 I - 3 potions of invisibility
 J - 3 potions of curing
 M - 2 potions of might
 N - 4 potions of heal wounds
 P - a potion of lignification
 R - a potion of resistance
 U - 3 potions of mutation


   Skills:
 + Level 9.6 Fighting
 + Level 12.3 Dodging
 - Level 10.7 Stealth
 * Level 11.7 Unarmed Combat
 + Level 5.1 Evocations


You had 9 spell levels left.
You didn't know any spells.
Your spell library was empty.

Dungeon Overview and Level Annotations

Branches:
Dungeon (11/15) Zot: 26601  Temple (0/1) D:6            Lair (0/5) D:8
    Orc (0/2) D:11

Altars:
Dithmenos
Elyvilon
Gozag
Trog
Xom
The Shining One

Annotations:
D:4 Dowan, Duvessa, Grinder
D:7 Joseph
D:10 2 transporters, Snorg; sirJeffrey23's ghost, journeyman BaIE
D:11 Urug


Innate Abilities, Weirdness & Mutations

You have sharp claws.
You have razor-sharp teeth.
You have supernaturally acute eyesight. (SInv)
You cover ground quickly. (Speed+)
You are covered in thick fur. (AC +2)
Your paws help you pounce on unaware monsters.
You are incapable of wielding weapons or throwing items.
You cannot wear armour.
You gain extra lives every three experience levels.


Message History

You mangle Amaemon!!
Amaemon is almost dead.
You feel very sick.
You mangle Amaemon!!
You kill Amaemon!
Trog accepts your kill.
Trog appreciates your killing of a magic user.
You feel very sick.
Your Evocations skill increases to level 5!
You closely miss the vampire mosquito.
* * * LOW HITPOINT WARNING * * *
You feel very sick.
You scratch the vampire mosquito.
The vampire mosquito is moderately damaged.
* * * LOW HITPOINT WARNING * * *
You feel sick.
The vampire mosquito closely misses you. x2
You mangle the vampire mosquito!! You claw the vampire mosquito.
You feel the power of Trog in you as your rage grows.
You destroy the vampire mosquito!
Trog accepts your kill.
* * * LOW HITPOINT WARNING * * *
You feel sick.
The vampire mosquito completely misses you.
* * * LOW HITPOINT WARNING * * *
You feel sick. The vampire mosquito bites you!
* * * LOW HITPOINT WARNING * * *
The vampire mosquito draws strength from your injuries!
Things that are here:
a +1 demon whip of venom; a vampire mosquito corpse; the demonspawn corpse of Amaemon You feel a strong urge to attack something.
* * * LOW HITPOINT WARNING * * *
You feel sick.
You claw the vampire mosquito! You claw the vampire mosquito.
The vampire mosquito is moderately damaged.
* * * LOW HITPOINT WARNING * * *
You feel sick.
You closely miss the vampire mosquito. You bite the vampire mosquito!
The vampire mosquito is severely damaged.
You die...

#.###.#.......#
##.##......#.#
#..###.?.....# ###
###.#######.#####..#.###
#.. ................#..#.#
#.# ##.###..##.###.#..#.#
... .#................#.#
#.# #.#...#..##<.##.##.#.#
#.##|.....#..###@##.##.#.#
#.#.......#..###y##.#....#
................W##.#..###
#.#......##..##.>......#
#........##.[###.##.#.##
#..#####.##..# #.##.#.#
#..# #.##..###.##.#.# #..#
#.....##...#.#.# ##.#
#.##.....#.....#


You could see a vampire mosquito and a shadow (invisible).

Vanquished Creatures
  Harold (D:11)
  4 death yaks (D:8)
  2 two-headed ogres
  Lodul (D:11)
  Amaemon (D:11)
  A deep elf pyromancer (D:10)
  Pikel (D:6)
  A manticore (D:11)
  A gargoyle (D:11)
  An orange demon (D:11)
  A kobold demonologist (D:8)
  3 trolls
  A hornet (D:9)
  3 vampires
  3 shadows
  3 steam dragons
  3 vampire mosquitoes
  Menkaure (D:4)
  An acid dragon (D:11)
  A black bear (D:8)
  An ice beast (D:7)
  2 orc warriors
  8 ogres
  A centaur (D:9)
  5 kobold brigands
  2 phantoms (D:5)
  5 bullfrogs
  A gnoll sergeant (D:9)
  3 scorpions
  9 wights
  4 killer bees
  A howler monkey (D:7)
  A lava snake (D:9)
  A jelly (D:5)
  6 orc priests
  3 hounds
  3 iguanas
  2 sleepcaps
  9 orc wizards
  13 gnolls
  5 adders
  A shadow imp (D:7)
  2 white imps
  3 ufetubi
  A dart slug (D:1)
  37 orcs
  11 endoplasms
  5 giant cockroaches
  2 goblins (D:1)
  10 hobgoblins
  3 jackals
  A quokka (D:3)
  11 ball pythons
  6 bats
  A frilled lizard (D:2)
  27 kobolds
  3 rats
243 creatures vanquished.

Notes
Turn   | Place    | Note
-------+----------+-------------------------------------------
     0 | D:1      | Twinkles the Felid Berserker began the quest for the Orb.
     0 | D:1      | Reached XP level 1. HP: 10/10 MP: 2/2
   116 | D:1      | Reached XP level 2. HP: 14/14 MP: 3/3
   327 | D:1      | Reached skill level 1 in Stealth
   447 | D:1      | Reached XP level 3. HP: 14/17 MP: 4/4
   996 | D:2      | Found a faded altar of an unknown god.
  1143 | D:2      | Reached ** piety under Trog
  1754 | D:3      | You fall into a shaft and drop 1 floor!
  1803 | D:4      | Noticed a scorpion
  1828 | D:4      | Noticed Menkaure
  1876 | D:4      | Noticed an ogre
  1905 | D:4      | Reached XP level 4. HP: 22/22 MP: 5/5
  2023 | D:4      | Killed Menkaure
  2024 | D:4      | Reached skill level 5 in Dodging
  2024 | D:4      | Reached XP level 5. HP: 20/25 MP: 6/6
  2076 | D:4      | HP: 7/25 [gnoll/+0 spear (9)]
  2752 | D:4      | Gained mutation: You are covered in thick fur. (AC +2)
                  | [Felid growth]
  2752 | D:4      | Reached XP level 6. HP: 18/29 MP: 7/7
  2844 | D:4      | Noticed Grinder
  2876 | D:4      | Noticed Duvessa
  3223 | D:4      | Noticed Dowan
  3284 | D:5      | Entered Level 5 of the Dungeon
  3359 | D:5      | HP: 9/29 [orc priest/nerve-wracking pain (5)]
  3491 | D:5      | Found a bloodstained altar of Trog.
  3711 | D:5      | Reached skill level 6 in Dodging
  4175 | D:4      | Reached XP level 7. HP: 27/33 MP: 8/8
  4256 | D:4      | Reached skill level 5 in Stealth
  4320 | D:5      | Reached skill level 5 in Fighting
  4431 | D:5      | Reached skill level 5 in Unarmed Combat
  4601 | D:5      | Reached *** piety under Trog
  4756 | D:5      | Reached skill level 7 in Dodging
  4908 | D:5      | Found a shadowy altar of Dithmenos.
  5040 | D:6      | Noticed a steam dragon
  5054 | D:5      | Reached XP level 8. HP: 17/37 MP: 9/9
  5223 | D:6      | HP: 11/38 [orc wizard/magic dart (10)]
  5808 | D:6      | Found a staircase to the Ecumenical Temple.
  6358 | D:6      | Found a glowing golden altar of the Shining One.
  6442 | D:7      | Noticed Pikel
  6477 | D:7      | HP: 18/57 [ice beast (4)]
  6477 | D:7      | HP: 7/57 [ice beast (11)]
  6678 | D:6      | Killed Pikel
  6679 | D:6      | Reached skill level 8 in Dodging
  6771 | D:7      | Noticed Joseph
  6989 | D:6      | Reached XP level 9. HP: 21/42 MP: 10/10
  7108 | D:7      | HP: 10/42 [something] (13)]
  7396 | D:7      | HP: 22/63 [poisoned by a kobold]
  7401 | D:6      | HP: 20/63 [poisoned by a kobold]
  7603 | D:7      | Reached skill level 1 in Evocations
  7826 | D:7      | Reached skill level 9 in Dodging
  8044 | D:8      | Found a staircase to the Lair.
  8044 | D:8      | Noticed a death yak
  8044 | D:8      | Noticed a death yak
  8420 | D:8      | Noticed a death yak
  8420 | D:8      | Noticed a death yak
  8420 | D:8      | Noticed a death yak
  8571 | D:8      | Noticed a death yak
  8733 | D:8      | Noticed a death yak
  9059 | D:8      | Noticed a death yak
  9090 | D:8      | Killed a death yak
  9097 | D:8      | Killed a death yak
  9098 | D:8      | Reached XP level 10. HP: 43/48 MP: 11/11
  9202 | D:8      | HP: 15/48 [killer bee (4)]
  9205 | D:8      | Reached skill level 10 in Dodging
  9482 | D:8      | Killed a death yak
  9718 | D:8      | Killed a death yak
  9986 | D:9      | Reached skill level 10 in Stealth
 10040 | D:9      | Found a shimmering altar of Xom.
 10519 | D:8      | Noticed an orange demon
 11387 | D:9      | Found a white marble altar of Elyvilon.
 11823 | D:9      | Reached skill level 11 in Dodging
 11827 | D:9      | Reached skill level 10 in Unarmed Combat
 12190 | D:9      | Reached **** piety under Trog
 12300 | D:10     | Entered Level 10 of the Dungeon
 12302 | D:10     | Found a transporter.
 12593 | D:10     | Noticed a moth of wrath
 12602 | D:10     | Found a transporter.
 12606 | D:10     | Noticed sirJeffrey23's ghost (journeyman BaIE)
 12679 | D:10     | Noticed a deep elf pyromancer
 12683 | D:10     | Killed a deep elf pyromancer
 12684 | D:10     | Reached XP level 11. HP: 52/52 MP: 12/12
 12844 | D:10     | Noticed Snorg
 13016 | D:10     | Found an opulent altar of Gozag.
 13030 | D:10     | Noticed a two-headed ogre
 13041 | D:10     | Killed a two-headed ogre
 13218 | D:11     | Noticed a two-headed ogre
 13350 | D:11     | Noticed Amaemon
 13354 | D:10     | HP: 16/53 [poisoned by an orange demon]
 13359 | D:10     | HP: 12/53 [poisoned by an orange demon]
 13553 | D:11     | Noticed Harold
 13559 | D:11     | Killed Harold
 13770 | D:11     | Killed a two-headed ogre
 13814 | D:11     | HP: 18/53 [Amaemon/+1 demon whip of venom (14)]
 13817 | D:11     | HP: 8/79 [Amaemon/+1 demon whip of venom (6)]
 13817 | D:11     | HP: 1/79 [scorpion[Amaemon] (7)]
 13819 | D:11     | Slain by Amaemon
 13820 | D:11     | Reached XP level 10. HP: 0/73 MP: 11/11
 13820 | D:11     | Found a staircase to the Orcish Mines.
 13830 | D:11     | Noticed Urug
 13841 | D:11     | HP: 15/73 [Urug/+0 double sword of flaming (28)]
 13843 | D:11     | Mangled by Urug
 13844 | D:11     | Reached XP level 9. HP: -12/67 MP: 10/10
 13871 | D:11     | Noticed a troll
 13877 | D:11     | HP: 16/67 [troll (8)]
 13879 | D:11     | Killed a troll
 14038 | D:11     | Noticed a gargoyle
 14042 | D:11     | Killed a gargoyle
 14043 | D:11     | Reached skill level 12 in Dodging
 14111 | D:11     | Noticed Lodul
 14128 | D:11     | Killed Lodul
 14129 | D:11     | Reached XP level 10. HP: 43/49 MP: 11/11
 14279 | D:11     | Killed Amaemon
 14279 | D:11     | HP: 23/73 [poisoned by Amaemon]
 14280 | D:11     | Reached skill level 5 in Evocations
 14283 | D:11     | HP: 4/75 [vampire mosquito (11)]
 14286 | D:11     | Succumbed to Amaemon's poison

Illustrated notes

Levels and vault maps discovered:
D:1:      arrival_zaba_pyramid, layout_basic
D:2:      layout_basic, nicolae_ecumenical_pavilion
D:3:      layout_loops_cross
D:4:      layout_rooms, minmay_diced_spiral, uniq_duvessa, uniq_grinder,
          uniq_menkaure
D:5:      layout_basic, mainiacjoe_overflow_brackets, grunt_dithmenos_shadows
D:6:      layout_loops_corners, nicolae_tso_swordbearing_angel,
          minmay_temple_entry_mini_moons
D:7:      layout_rooms, uniq_pikel, uniq_joseph
D:8:      layout_loops_ring, dpeg_lair_monsters, kennysheep_cross_room
D:9:      layout_small_grid, mainiacjoe_overflow_alcove_1, xom_teletrap_fun,
          enter_bailey_2, kennysheep_flooded_box, dk_noncrumbling_3
D:10:     layout_irregular_city, mainiacjoe_overflow_small_starburst,
          gammafunk_ghost_berserking_beasts, uniq_snorg
D:11:     layout_loops_ring, orc_0_dummy, lemuel_zombie_altar_kikubaaqudgha,
          uniq_lodul, uniq_amaemon, uniq_urug, uniq_harold

Skill      XL: |  1  2  3  4  5  6  7  8  9 10 11 |
---------------+----------------------------------+-----
Stealth        | 1 2 3 4 6 8 9 10 | 10.7
Fighting       | 4 5 6 7 8 9 |  9.6
Dodging        | 5 6 7 8 12 11 | 12.3
Unarmed Combat | 4 5 6 8 10 11 | 11.7
Evocations     | 1 5 4 |  5.1

Action                     |  1- 3 |  4- 6 |  7- 9 | 10-12 || total
---------------------------+-------+-------+-------+-------++-------
  Melee: Unarmed           |   110 |   141 |   343 |   282 ||   876
         Bite              |    12 |    15 |    34 |    35 ||    96
         Punch             |     3 |     4 |    20 |    26 ||    53
 Invoke: Berserk           |     1 |     4 |    12 |    14 ||    31
    Use: Scroll            |       |     7 |     3 |     3 ||    13
         Potion            |       |       |       |     2 ||     2
   Stab: Sleeping          |     8 |     4 |     6 |     7 ||    25
         Distracted        |       |     1 |       |     2 ||     3
 Armour: Skin              |     5 |     6 |     9 |    11 ||    31
  Dodge: Dodged            |    82 |   112 |   266 |   311 ||   771
